 Dungeon Crawl Stone Soup version 0.30-a0-940-ge5077277c9 (webtiles) character file.

Game seed: 1146081555992916307

11 Morbidden the Trooper (level 2, 24/24 HPs)
             Began as a Demonspawn Fighter on Mar 26, 2023.
             Quit the game on level 1 of the Dungeon.
             The game lasted 00:00:32 (724 turns).

Morbidden the Trooper (Demonspawn Fighter)           Turns: 724, Time: 00:00:33

Health: 24/24      AC:  7    Str: 16    XL:     2   Next: 13%
Magic:  2/2        EV:  8    Int:  9    God:
Gold:   88         SH:  4    Dex: 12    Spells: 1/1 levels left

rFire   . . .      SeeInvis .    a - +0 trident
rCold   . . .      Faith    .    c - +0 buckler
rNeg    . . .      Spirit   .    b - +0 scale mail
rPois   .          Reflect  .    (no helmet)
rElec   .          Rampage  .    (no cloak)
rCorr   .                        (no gloves)
Will    .....                    i - +0 pair of boots Stlth
                                 (no amulet)
HPRegen 0.24/turn                (no ring)
MPRegen 0.08/turn                (no ring)

@: very slow
A: demonic magic 1
a: no special abilities


You were on level 1 of the Dungeon.
You visited 1 branch of the dungeon, and saw 1 of its levels.

You collected 88 gold pieces.

Inventory:

Hand Weapons
 a - a +0 trident (weapon)
Missiles
 l - 2 poisoned darts (quivered)
Armour
 b - a +0 scale mail (worn)
 c - a +0 buckler (worn)
 i - a +0 pair of boots (worn)
Scrolls
 f - a scroll of summoning {unknown}
 g - 2 scrolls of identify {unknown}
 h - a scroll of fog {unknown}
 j - a scroll of noise {unknown}
 k - a scroll of magic mapping {unknown}
Potions
 d - 2 potions of might
 e - 2 potions of mutation {unknown}
 m - 2 potions of cancellation {unknown}
 n - a potion of ambrosia {unknown}
 o - a potion of curing {unknown}


   Skills:
 * Level 3.1 Fighting
 * Level 1.8 Polearms
 * Level 2.8 Armour
 * Level 0.2 Dodging
 * Level 2.8 Shields
 * Level 0.3 Spellcasting


You had one spell level left.
You didn't know any spells.
Your spell library was empty.

Dungeon Overview and Level Annotations

Branches:
Dungeon (1/15)

Altars:


Innate Abilities, Weirdness & Mutations

Spells you cast may paralyse adjacent enemies.


Message History

You puncture the kobold!
You kill the kobold!
Unknown command.
Things that are here:
a +0 dagger; a kobold corpse
o - a ruby potion No target in view!
No target in view!
No target in view!
No target in view!
Unknown command.
Key pressed, stopping explore.
Unknown command.
Key pressed, stopping explore.
Unknown command.
Unknown command.
You now have 70 gold pieces (gained 10).
You now have 78 gold pieces (gained 8).
You now have 88 gold pieces (gained 10).
Key pressed, stopping explore.
No target in view!
Unknown command.
You see here a bat corpse.
Things that are here:
a +0 dagger; a kobold corpse You enter the shallow water.
Moving in this stuff is going to be slow.
You enter the shallow water.
Moving in this stuff is going to be slow.
You enter the shallow water.
Moving in this stuff is going to be slow.
You see here a stone.
You enter the shallow water.
Moving in this stuff is going to be slow.
You enter the shallow water.
Moving in this stuff is going to be slow.
Partly explored, can't reach some places.
No target in view!
Unknown command.
Are you sure you want to abandon this character and quit the game? (Confirm with "yes".)

## #.######.#
.###########.##.....#
.)..†........##.#####
.################ ####
.####### ♣♣♣≈≈≈♣ .......#
♣♣≈≈≈≈♣ .####### ♣♣≈≈≈≈♣
.# ###♣♣♣♣♣♣≈≈≈♣♣♣♣♣♣♣ .#
#.......≈≈@~.....>♣ .#
#.......~≈≈.......♣ .#
#.......~≈~.......♣ .#
###......~~≈~.......♣ ##
#..........(........♣ ##
#.#......~≈~~.......♣
.####)#......≈≈~........♣
.............~≈~........♣
..........(.~≈≈~.......<♣


There were no monsters in sight!

Vanquished Creatures
  2 endoplasms (D:1)
  2 giant cockroaches (D:1)
  A goblin (D:1)
  2 bats (D:1)
  A frilled lizard (D:1)
  A kobold (D:1)
  A rat (D:1)
10 creatures vanquished.

Notes
Turn   | Place    | Note
-------+----------+-------------------------------------------
     0 | D:1      | Morbidden the Demonspawn Fighter began the quest for the
                  | Orb.
     0 | D:1      | Reached XP level 1. HP: 18/18 MP: 1/1
   368 | D:1      | Gained mutation: Spells you cast may paralyse adjacent
                  | enemies. [demonic ancestry]
   368 | D:1      | Reached XP level 2. HP: 24/24 MP: 2/2
   724 | D:1      | Quit the game

Illustrated notes

Levels and vault maps discovered:
D:1:      lemuel_arrival_river_bridge, layout_loops_ring

Action                     || total
---------------------------++-------
  Melee: Trident           ||    26
 Armour: Scale mail        ||     7
  Dodge: Dodged            ||     4
  Block: Buckler           ||     3

Table legend: (Time is in decaauts)
 A = Elapsed time spent in this place.
 B = Non-inter-level travel time spent in this place.
 C = Inter-level travel time spent in this place.
 D = Time resting spent in this place.
 E = Time spent auto-exploring this place.
 F = Levels seen in this place.
 G = Mean time per level.
                   A        B        C        D        E       F      G
               +--------+--------+--------+--------+--------+-----+--------+
         Total |    733 |    698 |     35 |      0 |    616 |   1 |  733.0 |
       Dungeon |    733 |    698 |     35 |      0 |    616 |   1 |  733.0 |
               +--------+--------+--------+--------+--------+-----+--------+

Top non-repeatable levels by time:
     D:1: 733 daAuts
